MLB
ARIZONA DIAMONDBACKS @ TAMPA BAY RAYS
06/09/2030
 
TOP OF THE 1ST
Arizona Diamondbacks batting - Pitching for Tampa Bay Rays : RHP T.J. Beckman
Pitching: RHP T.J. Beckman
Batting: RHB Eric Mayfield 0-0: Ball
1-0: Ball
2-0: Fly out, F7 (Flyball, 7, EV 93.1 MPH)
Batting: RHB Mike Roca 0-0: DOUBLE (Line Drive, 9LM, EV 103.1 MPH)
Batting: LHB Andy Lewis 0-0: Ball
1-0: Ball
2-0: Ball
3-0: Base on Balls
Batting: LHB Steve Peters 0-0: Ball
1-0: Ball
2-0: Swinging Strike
2-1: SINGLE (Groundball, 34D, EV 108.8 MPH)
Mike Roca to third
Andy Lewis to second
Runner from 3rd tries for Home, SAFE, throw by RF to home
Batting: LHB Jake Weider 0-0: Called Strike
0-1: Foul Ball, location: 7LMF
0-2: Grounds into double play, 4-6-3 (Groundball, 4S, EV 87.5 MPH)
Top of the 1st over - 1 run, 2 hits, 0 errors, 1 left on base; Arizona 1 - Tampa Bay 0
BOTTOM OF THE 1ST
Tampa Bay Rays batting - Pitching for Arizona Diamondbacks : RHP Rhett Coates
Pitching: RHP Rhett Coates
Batting: RHB Rob Missig 0-0: Ball
1-0: Swinging Strike
1-1: Ball
2-1: Foul Ball, location: 2F
2-2: Ball
3-2: Reached on error, E4 (Groundball, 4, EV 83.1 MPH)
Batting: LHB Caleb Otero 0-0: Ball
1-0: Ball
2-0: Ball
3-0: Called Strike
3-1: Foul Ball, location: 2F
3-2: Base on Balls
Batting: LHB Korey Pafford 0-0: Ball
1-0: Called Strike
1-1: Ball
2-1: Foul Ball, location: 7LDF
2-2: SINGLE (Line Drive, 34D, EV 101.3 MPH)
Rob Missig to third
Caleb Otero to second
Runner from 3rd tries for Home, SAFE, throw by RF to home
Batting: SHB Wander Franco 0-0: SINGLE (Groundball, 4MD, EV 108.1 MPH)
Caleb Otero to third
Korey Pafford to second
Runner from 3rd tries for Home, SAFE, throw by CF to home
Batting: RHB Yonathan Leon 0-0: Called Strike
0-1: Ball
1-1: Ball
2-1: SINGLE (Line Drive, 8RS, EV 88.1 MPH)
Korey Pafford to third
Wander Franco to second
Runner from 3rd tries for Home, throw by CF and OUT! 8-2
Batting: LHB Jeff Gay 0-0: Called Strike
0-1: Fly out, F8 (Flyball, 8RM, EV 86.3 MPH)
Batting: SHB Emilio Arambula 0-0: Ball
1-0: Ball
2-0: Ball
3-0: Called Strike
3-1: Called Strike
3-2: Base on Balls
Wander Franco to third
Yonathan Leon to second
Batting: LHB Jose Gutierrez 0-0: Swinging Strike
0-1: Ball
1-1: Foul Ball, location: 7LSF
1-2: Foul Ball, location: 9LSF
1-2: Fielders Choice at 2nd, U4 (Groundball, 4M, EV 97.5 MPH)
Bottom of the 1st over - 2 runs, 3 hits, 1 error, 3 left on base; Arizona 1 - Tampa Bay 2
TOP OF THE 2ND
Arizona Diamondbacks batting - Pitching for Tampa Bay Rays : RHP T.J. Beckman
Batting: LHB Corey Seager 0-0: Ball
1-0: Ball
2-0: Foul Ball, location: 5F
2-1: Fly out, F7 (Flyball, 78M, EV 98.1 MPH)
Batting: LHB Alex Masters 0-0: Ball
1-0: Ground out U3 (Groundball, 3, EV 85.6 MPH)
Batting: LHB Bo Naylor 0-0: Ball
1-0: Foul Ball, location: 2F
1-1: Foul Ball, location: 5F
1-2: Ball
2-2: Fly out, F8 (Flyball, 89M, EV 96.9 MPH)
Top of the 2nd over - 0 runs, 0 hits, 0 errors, 0 left on base; Arizona 1 - Tampa Bay 2
BOTTOM OF THE 2ND
Tampa Bay Rays batting - Pitching for Arizona Diamondbacks : RHP Rhett Coates
Batting: SHB Chad Brannon 0-0: Fly out, F7 (Flyball, 7S, EV 91.9 MPH)
Batting: RHB Rob Missig 0-0: Called Strike
0-1: Foul Ball, location: 23FF
0-2: Ground out 4-3 (Groundball, 34, EV 103.1 MPH)
Batting: LHB Caleb Otero 0-0: Ball
1-0: Fly out, F7 (Flyball, 7, EV 84.4 MPH)
Bottom of the 2nd over - 0 runs, 0 hits, 0 errors, 0 left on base; Arizona 1 - Tampa Bay 2
TOP OF THE 3RD
Arizona Diamondbacks batting - Pitching for Tampa Bay Rays : RHP T.J. Beckman
Batting: RHB Vinny Pickup 0-0: Called Strike
0-1: Ball
1-1: Ground out 6-3 (Groundball, 6, EV 104.4 MPH)
Batting: RHB Eric Mayfield 0-0: Called Strike
0-1: Ball
1-1: Ball
2-1: Foul Ball, location: 2F
2-2: Fly out, F8 (Flyball, 8RD, EV 91.3 MPH)
Batting: RHB Mike Roca 0-0: Ball
1-0: Ball
2-0: Ball
3-0: Called Strike
3-1: Base on Balls
Batting: LHB Andy Lewis 0-0: Ball
1-0: Ball
2-0: Called Strike
2-1: Ball
3-1: Foul Ball, location: 2F
3-2: Strikes out swinging
Top of the 3rd over - 0 runs, 0 hits, 0 errors, 1 left on base; Arizona 1 - Tampa Bay 2
BOTTOM OF THE 3RD
Tampa Bay Rays batting - Pitching for Arizona Diamondbacks : RHP Rhett Coates
Batting: LHB Korey Pafford 0-0: SINGLE (Line Drive, 8LS, EV 91.3 MPH)
Batting: SHB Wander Franco 0-0: Ball
1-0: Foul Ball, location: 7LMF
1-1: Foul Ball, location: 2F
1-2: Ball
2-2: SINGLE (Line Drive, 9LS, EV 103.1 MPH)
Korey Pafford to second
Batting: RHB Yonathan Leon 0-0: Called Strike
0-1: SINGLE (Flyball, 78S, EV 100.6 MPH)
Korey Pafford to third
Wander Franco to second
Batting: LHB Jeff Gay 0-0: Grounds into fielders choice U2 (Groundball, 2L, EV 68.1 MPH)
Wander Franco to third
Yonathan Leon to second
Batting: SHB Emilio Arambula 0-0: Ball
1-0: Ball
2-0: Called Strike
2-1: Swinging Strike
2-2: Strikes out swinging
Batting: LHB Jose Gutierrez 0-0: SINGLE (Line Drive, 7S, EV 90.6 MPH)
Wander Franco scores
Yonathan Leon to third
Jeff Gay to second
Runner from 3rd tries for Home, SAFE, throw by LF to home
Batting: SHB Chad Brannon 0-0: Ball
1-0: Foul Ball, location: 2LF
1-1: Called Strike
1-2: Strikes out looking
Bottom of the 3rd over - 2 runs, 4 hits, 0 errors, 2 left on base; Arizona 1 - Tampa Bay 4
TOP OF THE 4TH
Arizona Diamondbacks batting - Pitching for Tampa Bay Rays : RHP T.J. Beckman
Batting: LHB Steve Peters 0-0: Fly out, F8 (Flyball, 8LXD, EV 106.9 MPH)
Batting: LHB Jake Weider 0-0: Fly out, F9 (Flyball, 9, EV 89.4 MPH)
Batting: LHB Corey Seager 0-0: Swinging Strike
0-1: Foul Ball, location: 5F
0-2: Fly out, F7 (Flyball, 78M, EV 90.6 MPH)
Top of the 4th over - 0 runs, 0 hits, 0 errors, 0 left on base; Arizona 1 - Tampa Bay 4
BOTTOM OF THE 4TH
Tampa Bay Rays batting - Pitching for Arizona Diamondbacks : RHP Rhett Coates
Batting: RHB Rob Missig 0-0: Ball
1-0: SINGLE (Line Drive, 6MD, EV 98.8 MPH)
Batting: LHB Caleb Otero 0-0: Foul Ball, location: 2F
0-1: Fielders Choice at 2nd, 2-4 (Groundball, 2L, EV 65.0 MPH)
Batting: LHB Korey Pafford 0-0: Ball
Caleb Otero steals 2nd base (no throw)
1-0: Ball
2-0: Ball
3-0: Called Strike
3-1: Base on Balls
Batting: SHB Wander Franco 0-0: Ball
1-0: Called Strike
1-1: Ball
2-1: DOUBLE (Line Drive, 89M, EV 101.3 MPH)
Caleb Otero scores
Korey Pafford to third
Runner from 3rd tries for Home, SAFE, no throw by RF
Pitching: RHP Jacob Wallace
Batting: RHB Yonathan Leon 0-0: Ball
1-0: Ball
2-0: Ball
3-0: Called Strike
3-1: SINGLE (Line Drive, 78S, EV 99.4 MPH)
Wander Franco to third
Batting: LHB Jeff Gay 0-0: Called Strike
0-1: Ball
1-1: Ball
2-1: Swinging Strike
2-2: Strikes out looking
Batting: SHB Emilio Arambula 0-0: Ball
1-0: Called Strike
1-1: Foul Ball, location: 25F
1-2: Foul Ball, location: 2F
1-2: Strikes out looking
Bottom of the 4th over - 2 runs, 3 hits, 0 errors, 2 left on base; Arizona 1 - Tampa Bay 6
TOP OF THE 5TH
Arizona Diamondbacks batting - Pitching for Tampa Bay Rays : RHP T.J. Beckman
Batting: LHB Alex Masters 0-0: Called Strike
0-1: Ball
1-1: DOUBLE (Line Drive, 78XD, EV 106.9 MPH)
Batting: LHB Bo Naylor 0-0: Foul Ball, location: 9LMF
0-1: Ground out U3 (Groundball, 3S, EV 85.6 MPH)
Alex Masters to third
Batting: RHB Vinny Pickup 0-0: Foul Ball, location: 25F
0-1: SINGLE (Groundball, 5S, EV 73.1 MPH) (infield hit)
Alex Masters scores
Batting: RHB Eric Mayfield 0-0: Ball
1-0: Fly out, F7 (Line Drive, 78M, EV 95.6 MPH)
Batting: RHB Mike Roca 0-0: Foul Ball, location: 2F
0-1: Ball
1-1: Ground out 6-3 (Groundball, 6M, EV 102.5 MPH)
Top of the 5th over - 1 run, 2 hits, 0 errors, 1 left on base; Arizona 2 - Tampa Bay 6
BOTTOM OF THE 5TH
Tampa Bay Rays batting - Pitching for Arizona Diamondbacks : RHP Jacob Wallace
Batting: LHB Jose Gutierrez 0-0: Ball
1-0: Ground out 6-3 (Groundball, 6, EV 89.4 MPH)
Batting: SHB Chad Brannon 0-0: Ball
1-0: Ball
2-0: Ground out 4-3 (Groundball, 4S, EV 76.9 MPH)
Batting: RHB Rob Missig 0-0: Foul Ball, location: 9LSF
0-1: Ball
1-1: TRIPLE (Flyball, 9LD, EV 106.9 MPH)
Batting: LHB Caleb Otero 0-0: Ball
1-0: Ball
2-0: Foul Ball, location: 25F
2-1: Ball
3-1: Base on Balls
Batting: LHB Korey Pafford 0-0: Called Strike
0-1: Ball
1-1: Fly out, F8 (Flyball, 8LD, EV 89.4 MPH)
Bottom of the 5th over - 0 runs, 1 hit, 0 errors, 2 left on base; Arizona 2 - Tampa Bay 6
TOP OF THE 6TH
Arizona Diamondbacks batting - Pitching for Tampa Bay Rays : RHP T.J. Beckman
Batting: LHB Andy Lewis 0-0: Called Strike
0-1: Swinging Strike
0-2: Ball
1-2: Ball
2-2: Ball
3-2: Base on Balls
Batting: LHB Steve Peters 0-0: Called Strike
0-1: Foul Ball, location: 3F
0-2: Fly out, F7 (Flyball, 7S, EV 67.5 MPH)
Batting: LHB Jake Weider 0-0: Ball
1-0: Foul Ball, location: 9LSF
1-1: Ball
2-1: Foul Ball, location: 7LMF
2-2: Ball
3-2: Base on Balls
Andy Lewis to second
Batting: LHB Corey Seager 0-0: Fly out, F7 (Line Drive, 7S, EV 86.9 MPH)
Batting: LHB Alex Masters 0-0: Called Strike
0-1: Foul Ball, location: 5DF
0-2: Ball
1-2: Ground out 4-3 (Groundball, 34D, EV 107.5 MPH)
Top of the 6th over - 0 runs, 0 hits, 0 errors, 2 left on base; Arizona 2 - Tampa Bay 6
BOTTOM OF THE 6TH
Tampa Bay Rays batting - Pitching for Arizona Diamondbacks : RHP Jacob Wallace
Batting: SHB Wander Franco 0-0: Ball
1-0: Foul Ball, location: 23F
1-1: Called Strike
1-2: Ball
2-2: Ball
3-2: Fly out, F8 (Flyball, 8RS, EV 86.3 MPH)
Pitching: LHP Yoan Aybar
Batting: RHB Yonathan Leon 0-0: Ball
1-0: Foul Ball, location: 2F
1-1: SINGLE (Groundball, 4MD, EV 100.0 MPH)
Batting: LHB Jeff Gay Pickoff Throw to First - Out! 1-3
0-0: Foul Ball, location: 7LMF
0-1: Foul Ball, location: 2F
0-2: Ball
1-2: Strikes out swinging
Bottom of the 6th over - 0 runs, 1 hit, 0 errors, 0 left on base; Arizona 2 - Tampa Bay 6
TOP OF THE 7TH
Arizona Diamondbacks batting - Pitching for Tampa Bay Rays : RHP T.J. Beckman
Pitching: RHP Eric Cox
Batting: LHB Bo Naylor 0-0: Called Strike
0-1: Fly out, F8 (Flyball, 8LD, EV 100.6 MPH)
Batting: RHB Vinny Pickup 0-0: Ball
1-0: Called Strike
1-1: Ball
2-1: SINGLE (Flyball, 3D, EV 95.0 MPH)
Batting: RHB Eric Mayfield 0-0: Ball
1-0: Called Strike
1-1: Swinging Strike
1-2: Grounds into double play, 6-4-3 (Groundball, 56, EV 101.3 MPH)
Top of the 7th over - 0 runs, 1 hit, 0 errors, 0 left on base; Arizona 2 - Tampa Bay 6
BOTTOM OF THE 7TH
Tampa Bay Rays batting - Pitching for Arizona Diamondbacks : LHP Yoan Aybar
Batting: SHB Emilio Arambula 0-0: Called Strike
0-1: Swinging Strike
0-2: Ground out 6-3 (Groundball, 6, EV 110.0 MPH)
Batting: LHB Jose Gutierrez 0-0: Called Strike
0-1: Fly out, F9 (Flyball, 89D, EV 105.0 MPH)
Batting: SHB Chad Brannon 0-0: Foul Ball, location: 5F
0-1: Ball
1-1: DOUBLE (Flyball, 8LXD, EV 100.0 MPH)
Batting: RHB Rob Missig 0-0: Swinging Strike
0-1: Called Strike
0-2: Foul Ball, location: 9LDF
0-2: Strikes out swinging
Bottom of the 7th over - 0 runs, 1 hit, 0 errors, 1 left on base; Arizona 2 - Tampa Bay 6
TOP OF THE 8TH
Arizona Diamondbacks batting - Pitching for Tampa Bay Rays : RHP Eric Cox
Batting: RHB Mike Roca 0-0: Ball
1-0: Called Strike
1-1: Foul Ball, location: 2F
1-2: Ball
2-2: SINGLE (Line Drive, 4MD, EV 96.3 MPH)
Batting: LHB Andy Lewis 0-0: Foul Ball, location: 7LDF
0-1: Swinging Strike
0-2: Ball
1-2: Strikes out swinging
Batting: LHB Steve Peters 0-0: Foul Ball, location: 7LMF
0-1: Foul Ball, location: 25F
0-2: Foul Ball, location: 2F
0-2: Strikes out swinging
Batting: LHB Jake Weider 0-0: Ball
1-0: Ball
2-0: Called Strike
2-1: Fly out, F7 (Flyball, 78M, EV 93.1 MPH)
Top of the 8th over - 0 runs, 1 hit, 0 errors, 1 left on base; Arizona 2 - Tampa Bay 6
BOTTOM OF THE 8TH
Tampa Bay Rays batting - Pitching for Arizona Diamondbacks : LHP Yoan Aybar
Batting: LHB Caleb Otero 0-0: Ground out 5-3 (Groundball, 56S, EV 105.0 MPH)
Batting: LHB Korey Pafford 0-0: Ball
1-0: Foul Ball, location: 2F
1-1: Ball
2-1: Ball
3-1: Called Strike
3-2: Base on Balls
Batting: SHB Wander Franco 0-0: Ball
1-0: Foul Ball, location: 2F
1-1: Ball
2-1: Called Strike
2-2: Ball
3-2: DOUBLE (Flyball, 78XD, EV 110.6 MPH)
Korey Pafford to third
Pitching: RHP Reinaldo De Paula
Pinch Runner at 2nd Jeff Loring:
Batting: RHB Yonathan Leon 0-0: Ground out U3 (Groundball, 34S, EV 94.4 MPH)
Korey Pafford scores
Jeff Loring to third
Batting: LHB Jeff Gay 0-0: Ball
1-0: Ball
2-0: Called Strike
2-1: Fly out, F9 (Flyball, 9D, EV 96.9 MPH)
Bottom of the 8th over - 1 run, 1 hit, 0 errors, 1 left on base; Arizona 2 - Tampa Bay 7
TOP OF THE 9TH
Arizona Diamondbacks batting - Pitching for Tampa Bay Rays : RHP Eric Cox
Pitching: RHP Steve McCracken
Now at 3B: Jeff Loring
Batting: LHB Corey Seager 0-0: Called Strike
0-1: Swinging Strike
0-2: Ball
1-2: Ball
2-2: Strikes out looking
Batting: LHB Alex Masters 0-0: Ball
1-0: Called Strike
1-1: Ball
2-1: SINGLE (Groundball, 4MD, EV 95.6 MPH)
Batting: LHB Bo Naylor 0-0: Called Strike
0-1: Grounds into double play, 4-6-3 (Groundball, 34D, EV 98.8 MPH)
Top of the 9th over - 0 runs, 1 hit, 0 errors, 0 left on base; Arizona 2 - Tampa Bay 7
Monday, March 18th , 2024 - OOTP Baseball 24.7 Build 72